 Dungeon Crawl Stone Soup version 0.31-a0-217-g58bb5d79cf (webtiles) character file.

Game seed: 11456457470109594636

747 qw the Shooter (level 7, -4/43 HPs)
             Began as a Gargoyle Hexslinger on July 2, 2023.
             Slain by an ogre
             ... wielding a +0 giant club
              (16 damage)
             ... on level 5 of the Dungeon.
             The game lasted 00:01:24 (3030 turns).

qw the Shooter (Gargoyle Hexslinger)                Turns: 3030, Time: 00:01:25

Health: -4/43      AC: 11    Str: 12    XL:     7   Next: 77%
Magic:  8/8        EV: 10    Int: 13    God:
Gold:   244        SH:  0    Dex: 14    Spells: 7/8 levels left

rFire   + . .        Y - +2 sling (freeze)
rCold   . . .        (no shield)
rNeg    + . .        g - +1 ring mail {rF+}
rPois   inf          (no helmet)
rElec   +            (no cloak)
rCorr   .            (no gloves)
SInv    .            (no boots)
Will    .....        (no amulet)
Stlth   +            (no ring)
HPRegen 0.27/turn    (no ring)
MPRegen 0.11/turn

%: no passive effects
@: no status effects
A: sickness immunity, AC +4, negative energy resistance 1, electricity
resistance, torment resistance 1, petrification resistance
a: no special abilities


You were on level 5 of the Dungeon.
You visited 1 branch of the dungeon, and saw 5 of its levels.

You collected 244 gold pieces.


Innate Abilities, Weirdness & Mutations

You are immune to sickness and miasma.
Your stone body is resilient. (AC +4)
You are immune to poison.
You resist negative energy. (rN+)
You are resistant to electric shocks. (rElec)
You are resistant to unholy torment.
You are immune to petrification.


   Skills:
 - Level 4.3 Fighting
 + Level 7.5 Ranged Weapons
 - Level 1.0 Armour
 - Level 1.5 Dodging
 - Level 1.0 Spellcasting
 - Level 2.6 Hexes


You had 7 spell levels left.
You knew the following spells:

 Your Spells              Type           Power      Damage    Failure   Level
a - Slow                  Hex            28%        N/A       22%         1

Your spell library contained the following spells:

 Spells                   Type           Power      Damage    Failure   Level
 Inner Flame              Hex/Fire       4%         N/A       73%         3
 Portal Projectile        Hex/Tloc       8%         N/A       73%         3
 Cause Fear               Hex            3%         N/A       91%         4

Inventory:

Hand Weapons
 Y - a +2 sling of freezing (weapon)
Armour
 g - a +1 ring mail of fire resistance (worn)
 h - a +2 robe of cold resistance
Scrolls
 a - a scroll of identify
 b - a scroll of teleportation
Potions
 c - a potion of enlightenment
 d - a potion of resistance
 e - a potion of curing {unknown}
 f - a potion of mutation {unknown}
 i - a potion of haste {unknown}
 j - a potion of invisibility {unknown}
 k - a potion of degeneration {unknown}

Dungeon Overview and Level Annotations

Branches:
Dungeon (5/15)
 Temple: D:4-7

Altars:

Annotations:
D:5 Grinder


Message History

The black bear claws you but does no damage.
The black bear bites you but does no damage.
The black bear barely misses you.
The black bear claws you but does no damage.
You shoot a sling bullet.
The sling bullet closely misses the black bear.
The sling bullet hits the orc.
The sling bullet freezes the orc.
You kill the orc!
The black bear bites you!
The black bear claws you but does no damage. x2
Your Ranged Weapons skill increases to level 7!
You shoot a sling bullet. The sling bullet hits the black bear.
The sling bullet freezes the black bear.
The black bear is almost dead.
The black bear goes berserk!
You shoot a sling bullet. The sling bullet hits the black bear.
The sling bullet freezes the black bear.
You kill the black bear!
You shoot a sling bullet. The sling bullet hits the hound!
The sling bullet freezes the hound.
The hound is severely wounded.
The hound closely misses you. x2
You shoot a sling bullet. The sling bullet hits the hound.
The sling bullet freezes the hound.
The hound is almost dead.
The hound bites you but does no damage. The hound barely misses you.
You shoot a sling bullet. The sling bullet hits the hound.
The sling bullet freezes the hound.
You kill the hound!
Grinder blinks!
The ogre hits you with a +0 giant club!
You shoot a sling bullet.
The sling bullet barely misses the ogre.
You shoot a sling bullet.
The sling bullet barely misses the ogre.
The ogre hits you with a +0 giant club!
You shoot a sling bullet. The sling bullet hits the ogre.
The sling bullet freezes the ogre.
The ogre is moderately wounded.
The ogre hits you with a +0 giant club!
You die...

. .>.
.....########
.....5O@....#
.....######.#
... #)# . #)#
#.# #.# #.#
#.# #.#


You could see Grinder and an ogre.

Vanquished Creatures
  Sigmund (D:4)
  2 black bears
  A howler monkey (D:5)
  2 hounds
  An orc priest (D:5)
  A sleepcap (D:4)
  An iguana (D:4)
  An orc wizard (D:5)
  3 gnolls (D:5)
  8 adders
  A worm (D:3)
  A dart slug (D:2)
  9 orcs
  7 bats
  9 endoplasms
  5 giant cockroaches
  5 goblins
  8 hobgoblins
  5 kobolds
  A quokka (D:1)
  6 ball pythons
  5 frilled lizards
  5 rats
88 creatures vanquished.

Notes
Turn   | Place    | Note
-------+----------+-------------------------------------------
     0 | D:1      | qw the Gargoyle Hexslinger began the quest for the Orb.
     0 | D:1      | Reached XP level 1. HP: 12/12 MP: 2/2
     0 | D:1      | 0 ||| qw: Version: 0.3-a-40-ge99b1a8
     0 | D:1      | 0 ||| qw: Game counter: 111
     0 | D:1      | 0 ||| qw: Melee chars always use a shield: true
     0 | D:1      | 0 ||| qw: God list: Okawaru
     0 | D:1      | 0 ||| qw: Allow faded altars: false
     0 | D:1      | 0 ||| qw: Do Orc after clearing Dungeon:15 true
     0 | D:1      | 0 ||| qw: Do second Lair branch before Depths: true
     0 | D:1      | 0 ||| qw: Lair rune preference: random
     0 | D:1      | 0 ||| qw: Goals: Normal
     0 | D:1      | 0 ||| PLANNING D:1-11
    85 | D:1      | Reached XP level 2. HP: 12/16 MP: 3/3
   124 | D:1      | Found a faded altar of an unknown god.
   273 | D:1      | Reached skill level 3 in Ranged Weapons
   354 | D:1      | Reached XP level 3. HP: 21/21 MP: 4/4
   701 | D:1      | 701 ||| UPGRADING to +0 ring mail.
   711 | D:1      | 711 ||| DROPPING +0 robe.
   712 | D:1      | 712 ||| READING 2 scrolls labelled CUSHYHODDE.
   713 | D:1      | 713 ||| READING scroll labelled MIG UDONUNILE.
   714 | D:1      | 714 ||| DROPPING scroll of poison.
   741 | D:2      | 741 ||| STAIRDANCE
  1094 | D:2      | 1094 ||| READING scroll labelled RUM ENKETY.
  1095 | D:2      | 1095 ||| READING scroll labelled WIPSYO LESAD.
  1096 | D:2      | 1096 ||| DRINKING 2 glowing emerald potions.
  1215 | D:3      | 1215 ||| READING scroll of brand weapon.
  1215 | D:3      | 1215 ||| BRANDING +1 sling of flaming.
  1270 | D:3      | HP: 5/21 [orc/+0 hand axe (3)]
  1271 | D:3      | 1271 ||| DRINKING potion of heal wounds.
  1275 | D:3      | Reached XP level 4. HP: 26/26 MP: 5/5
  1336 | D:3      | 1336 ||| READING scroll labelled LYFUAGEEKEE.
  1343 | D:3      | 1343 ||| STAIRDANCE
  1360 | D:3      | Reached skill level 4 in Ranged Weapons
  1373 | D:3      | 1373 ||| READING scroll of brand weapon.
  1373 | D:3      | 1373 ||| BRANDING +2 sling of draining.
  1410 | D:3      | 1410 ||| READING scroll labelled DUJ QUDEUMM.
  1418 | D:3      | 1418 ||| STAIRDANCE
  1466 | D:2      | Reached skill level 1 in Armour
  1783 | D:2      | 1783 ||| UPGRADING to +1 ring mail of fire resistance.
  1793 | D:2      | 1793 ||| DROPPING +0 ring mail.
  1794 | D:2      | 1794 ||| READING scroll labelled RUDOTU AN WEA.
  1795 | D:2      | 1795 ||| READING 2 scrolls of identify.
  1795 | D:2      | 1795 ||| IDENTIFYING sedimented blue potion
  1988 | D:3      | Reached XP level 5. HP: 30/30 MP: 6/6
  2204 | D:3      | 2204 ||| READING scroll labelled LUIKLO GIBBUO.
  2271 | D:4      | Reached skill level 5 in Ranged Weapons
  2353 | D:4      | Reached skill level 3 in Fighting
  2399 | D:4      | Reached XP level 6. HP: 37/37 MP: 7/7
  2480 | D:4      | Noticed a black bear
  2591 | D:4      | Noticed Sigmund
  2608 | D:4      | HP: 4/37 [something (9)]
  2616 | D:4      | HP: 4/37 [something/magic dart (2)]
  2620 | D:4      | Killed Sigmund
  2621 | D:4      | Reached skill level 6 in Ranged Weapons
  2860 | D:4      | 2860 ||| READING 2 scrolls labelled YLUCRAAZAWO.
  2868 | D:4      | Killed a black bear
  2869 | D:4      | Reached XP level 7. HP: 38/43 MP: 8/8
  2886 | D:4      | 2886 ||| READING 2 scrolls of identify.
  2886 | D:4      | 2886 ||| IDENTIFYING metallic golden potion
  2898 | D:5      | Entered Level 5 of the Dungeon
  3002 | D:5      | Noticed Grinder
  3012 | D:5      | Paralysed by Grinder for 5 turns
  3023 | D:5      | Reached skill level 7 in Ranged Weapons
  3030 | D:5      | Slain by an ogre

Levels and vault maps discovered:
D:1:      shiori_arrival_maze, layout_basic,
          hellmonk_ecumenical_altar_crossroads
D:2:      layout_basic
D:3:      layout_loops_cross
D:4:      layout_cave_pools, kennysheep_potato, uniq_sigmund
D:5:      layout_loops_ring, nicolae_overflow_two_pavilions, uniq_blork_the_orc,
          uniq_grinder

Skill      XL: |  1  2  3  4  5  6  7 |
---------------+----------------------+-----
Ranged Weapons | 3 4 5 6 7 |  7.5
Fighting       | 2 3 4 |  4.3
Armour         | 1 |  1.0
Dodging        | |  1.5
Spellcasting   | |  1.0
Hexes          | |  2.6

Action                     |  1- 3 |  4- 6 |  7- 9 || total
---------------------------+-------+-------+-------++-------
   Fire: Sling             |   127 |   165 |    64 ||   356
    Use: Scroll            |     5 |     7 |     1 ||    13
         Potion            |     2 |       |       ||     2
 Armour: Robe              |     4 |       |       ||     4
         Ring mail         |    31 |    49 |    16 ||    96
  Dodge: Dodged            |    41 |    37 |    18 ||    96

Table legend:
 A = Non-vault XP
 B = Vault XP
 C = Vault XP percentage of total XP
 D = Non-vault monster count
 E = Vault monster count
 F = Vault count percentage of total count
                 A         B        C        D         E       F
            +---------+---------+-------+---------+---------+-------
      Total |     806 |     262 |  24.5 |      81 |       7 |   8.0
            +---------+---------+-------+---------+---------+-------
        D:1 |      55 |       3 |   5.2 |      25 |       2 |   7.4
        D:2 |      39 |       0 |   0.0 |      15 |       0 |   0.0
        D:3 |      86 |       0 |   0.0 |      20 |       0 |   0.0
        D:4 |     269 |     259 |  49.1 |       9 |       5 |  35.7
        D:5 |     357 |       0 |   0.0 |      12 |       0 |   0.0
            +---------+---------+-------+---------+---------+-------
